 Seeded DCSS version 0.25.1-11-g244df3a29b (webtiles) character file.

Game seed: 2345256576767868787 (custom seed)

151 Mickster the Grasshopper (level 4, 0/35 HPs)
             Began as a Demigod Wanderer on Feb 21, 2023.
             Slain by Duvessa
             ... wielding a +1 rapier of venom
              (1 damage)
             ... on level 4 of the Dungeon.
             The game lasted 00:32:47 (2434 turns).

Mickster the Grasshopper (Demigod Wanderer)         Turns: 2434, Time: 00:32:47

Health: 0/35       AC:  5    Str: 16    XL:     4   Next: 86%
Magic:  8/8        EV: 10    Int: 17    God:
Gold:   143        SH:  4    Dex: 15    Spells: 4/5 levels left

rFire    . . .     SeeInvis .   j - +1 short sword (venom)
rCold    . . .     Gourm    .   d - +0 buckler
rNeg     . . .     Faith    .   l - +0 leather armour
rPois    .         Spirit   .   (no helmet)
rElec    .         Reflect  .   b - +1 cloak
rCorr    .         Harm     .   (no gloves)
MR       .....                  (no boots)
Stlth    ++........             (no amulet)
HPRegen  0.11/turn              (no ring)
MPRegen  0.11/turn              (no ring)

@: lethally poisoned (0 -> -18)
A: high mp 1
a: no special abilities


You were on level 4 of the Dungeon.
You were very hungry.

You visited 1 branch of the dungeon, and saw 4 of its levels.

You collected 143 gold pieces.

Inventory:

Hand Weapons
 a - a +2 dagger
 g - a +0 hunting sling of freezing
 j - a +1 short sword of venom (weapon)
 k - a +0 club
 o - a +0 hand axe
 p - a +0 hand axe
 q - a cursed +0 falchion
Missiles
 c - 69 stones
 h - 58 arrows
 i - 8 sling bullets (quivered)
 m - 15 bolts
Armour
 b - a +1 cloak (worn)
 d - a +0 buckler (worn)
 l - a +0 leather armour (worn)
Scrolls
 e - a scroll of amnesia
 n - a scroll of immolation
Potions
 r - a potion of brilliance {unknown}
Comestibles
 f - a ration


   Skills:
 + Level 1.1 Fighting
 + Level 1.1 Short Blades
 + Level 1.7 Slings
 + Level 1.5 Armour
 + Level 0.6 Dodging
 + Level 1.6 Stealth
 + Level 1.3 Shields
 + Level 1.0 Spellcasting
   Level 1.0 Necromancy
 + Level 3.4 Translocations
   Level 2.6 Fire Magic


You had 4 spell levels left.
You knew the following spells:

 Your Spells              Type           Power        Failure   Level  Hunger
a - Apportation           Tloc           ##....       10%         1    ##.....

Your spell library contained the following spells:

 Spells                   Type           Power        Failure   Level  Hunger
 Recall                   Summ/Tloc      N/A          50%         3    ####...


Dungeon Overview and Level Annotations

Branches:
Dungeon (4/15)
 Temple: D:4-7

Annotations:
D:4 Duvessa


Innate Abilities, Weirdness & Mutations

You have an increased reservoir of magic. (+10% MP)


Message History

You kill Dowan!
You hear a distant scream of rage.
Your Short Blades skill increases to level 1!
r - a black potion
Things that are here:
a +0 dagger; a +0 robe
Okay, then.
Unknown command.
Things that are here:
a +0 dagger; a +0 robe Duvessa shouts!
Duvessa goes berserk!
Duvessa hits you with a +1 rapier of venom!
* * * LOW HITPOINT WARNING * * *
You are lethally poisoned!
You hit Duvessa but do no damage.
* * * LOW HITPOINT WARNING * * *
You feel sick.
Duvessa hits you with a +1 rapier of venom.
You die...

#...# #. #...#
#.# #. ##...#
#.# #. #....#
#.# #.###...##
#.# #.......#
#.# #.......#
#.# #.......#
#e#
#....#######@#
#....'..)....#
#......#########
#......#
..........
#########.. ...
#... #.#.


You could see Duvessa (berserk).

Vanquished Creatures
  A scorpion (D:3)
  Dowan (D:4)
  An adder (D:2)
  2 dart slugs (D:1)
  A worm (D:3)
  2 leopard geckos
  3 giant cockroaches
  4 hobgoblins
  4 kobolds
  7 bats
  2 frilled lizards
  3 goblins
  7 rats
38 creatures vanquished.

Notes
Turn   | Place    | Note
-------+----------+-------------------------------------------
     0 | D:1      | Mickster the Demigod Wanderer began the quest for the Orb.
     0 | D:1      | Mickster set off with the following items: a +2 dagger, a
                  | potion of berserk rage, a +0 buckler, a +0 robe, a ration;
                  | and the following spell memorised: Apportation; and the
                  | following spells available to memorise: Recall
     0 | D:1      | Reached XP level 1. HP: 14/14 MP: 4/4
     3 | D:1      | Noticed an electric eel
     4 | D:1      | Noticed an electric eel
   474 | D:1      | Reached skill level 3 in Translocations
   488 | D:1      | Reached XP level 2. HP: 19/20 MP: 5/5
  1368 | D:2      | Reached XP level 3. HP: 26/26 MP: 6/6
  1450 | D:2      | Noticed a +0 dagger
  1451 | D:2      | Noticed a +0 hand axe
  1454 | D:2      | Found a hide-covered altar of Uskayaw.
  1982 | D:2      | Reached skill level 1 in Slings
  2187 | D:3      | Noticed a scorpion
  2193 | D:3      | Killed a scorpion
  2193 | D:3      | Reached skill level 1 in Fighting
  2193 | D:3      | Reached skill level 1 in Armour
  2193 | D:3      | Reached XP level 4. HP: 29/35 MP: 8/8
  2372 | D:4      | Found a sacrificial altar of Ru.
  2409 | D:4      | Noticed Dowan
  2410 | D:4      | Noticed Duvessa
  2424 | D:4      | Killed Dowan
  2424 | D:4      | Reached skill level 1 in Short Blades
  2434 | D:4      | HP: 1/35 [poisoned by Duvessa]
  2434 | D:4      | Slain by Duvessa

Illustrated notes

Levels and vault maps discovered:
D:1:      arrival_aquarium_b, layout_rooms, minmay_split_cup_large
D:2:      layout_rooms, lemuel_zombie_altar_kikubaaqudgha,
          dancing_weapons_uskayaw
D:3:      kb_forest_paths, layout_rooms
D:4:      layout_basic, nicolae_overflow_crystal_walls,
          minmay_temple_entry_crystal_x, first_ration, uniq_sigmund,
          uniq_duvessa

Skill      XL: |  1  2  3  4 |
---------------+-------------+-----
Translocations | 3 |  3.4
Slings         | 1 |  1.7
Fighting       | 1 |  1.1
Armour         | 1 |  1.5
Short Blades   | 1 |  1.1
Dodging        | |  0.6
Stealth        | |  1.6
Shields        | |  1.3
Spellcasting   | |  1.0
Necromancy     | |  1.0
Fire Magic     | |  2.6

Action                   |  1- 3 |  4- 6 || total
-------------------------+-------+-------++-------
Melee: Dagger            |    76 |       ||    76
       Short sword       |     7 |    17 ||    24
 Fire: Hunting sling     |    49 |       ||    49
  Use: Scroll            |     8 |       ||     8
       Potion            |     5 |       ||     5
  Eat: Ration            |     1 |       ||     1
Armor: Robe              |     8 |       ||     8
       Leather armour    |    20 |     2 ||    22
Dodge: Dodged            |    52 |     2 ||    54
Block: Buckler           |    25 |     1 ||    26
